 Dungeon Crawl Stone Soup version 0.27.1-33-g824d729ab1 (webtiles) character file.

Game seed: 6669639828962451742

11 LynnLen the Shield-Bearer (level 2, 0/24 HPs)
             Began as a Formicid Fighter on Dec 21, 2021.
             Slain by an endoplasm (1 damage)
             ... on level 1 of the Dungeon.
             The game lasted 00:00:44 (358 turns).

LynnLen the Shield-Bearer (Formicid Fighter)         Turns: 358, Time: 00:00:45

Health: 0/24       AC:  6    Str: 20    XL:     2   Next: 40%
Magic:  2/2        EV:  8    Int:  7    God:
Gold:   0          SH:  9    Dex: 10    Spells: 1/1 levels left

rFire    . . .     SeeInvis +   a - +0 war axe
rCold    . . .     Faith    .   c - +0 kite shield
rNeg     . . .     Spirit   .   b - +0 scale mail
rPois    .         Reflect  .   (helmet unavailable)
rElec    .         Harm     .   (no cloak)
rCorr    .         Rampage  .   (no gloves)
Will     .....                  (no boots)
Stlth    ..........             (no amulet)
HPRegen  0.08/turn              (no ring)
MPRegen  0.08/turn              (no ring)

@: mighty
A: permanent stasis, dig shafts and tunnels, antennae 3, four strong arms
a: Dig, Shaft Self


You were on level 1 of the Dungeon.
You visited 1 branch of the dungeon, and saw 1 of its levels.

Inventory:

Hand Weapons
 a - a +0 war axe (weapon)
Armour
 b - a +0 scale mail (worn)
 c - a +0 kite shield (worn)
Scrolls
 e - a scroll of vulnerability {unknown}


   Skills:
 + Level 3.4 Fighting
 + Level 2.0 Axes
 + Level 3.4 Armour
 * Level 0.3 Dodging
 * Level 0.6 Stealth
 + Level 3.8 Shields
 * Level 0.3 Spellcasting


You had one spell level left.
You didn't know any spells.
Your spell library was empty.

Dungeon Overview and Level Annotations

Branches:
Dungeon (1/15)

Altars:


Innate Abilities, Weirdness & Mutations

You cannot be hasted, slowed, berserked, paralysed or teleported.
You can dig through walls and to a lower floor.
You have a pair of large antennae on your head. (SInv)
Your four strong arms can wield two-handed weapons with a shield.


Message History

You closely miss the goblin. The goblin hits you but does no damage.
The goblin hits you with a +0 club. The goblin barely misses you.
You hit the goblin.
You kill the goblin!
You closely miss the goblin.
The goblin hits you but does no damage. x2
There are monsters nearby!
Your shield and scale mail prevent you from hitting the goblin.
You barely miss the endoplasm. The endoplasm hits you.
The goblin hits you with a +0 club. The endoplasm freezes you.
You are frozen.
The goblin hits you with a +0 club.
You are too injured to fight recklessly!
You are too injured to fight recklessly!
You are too injured to fight recklessly!
Unknown command.
Your shield prevents you from hitting the goblin.
You hit the endoplasm but do no damage. The endoplasm freezes you.
You are frozen.
* * * LOW HITPOINT WARNING * * *
The goblin hits you but does no damage.
You barely miss the goblin. You barely miss the endoplasm.
The endoplasm closely misses you. You block the goblin's attack.
The endoplasm hits you.
* * * LOW HITPOINT WARNING * * *
You block the goblin's attack.
You closely miss the goblin.
Your scale mail prevents you from hitting the endoplasm.
The endoplasm freezes you.
You are frozen.
* * * LOW HITPOINT WARNING * * *
You block the goblin's attack.
Unknown command.
You feel very mighty all of a sudden.
The endoplasm hits you but does no damage.
The goblin hits you but does no damage.
Your scale mail prevents you from hitting the goblin.
Your shield and scale mail prevent you from hitting the endoplasm.
The endoplasm hits you.
You die...

..............
...........#.#######..#.
...........# #######..#.
...........# #........#.
...........# #.......###
...........# #.##...##
...........# #.##...#
......)gJ..# #......## #
#####@..# #.....÷.###
#.....).## #####.÷.##.
#........# ##....÷
#........# #.....
##........# ##....
##.........# .....#..<#
...........# #.....#####
........†..# #..........
...........# #........##


You could see an endoplasm and a goblin.

Vanquished Creatures
  2 bats (D:1)
  4 endoplasms (D:1)
  2 goblins (D:1)
  A kobold (D:1)
9 creatures vanquished.

Notes
Turn   | Place    | Note
-------+----------+-------------------------------------------
     0 | D:1      | LynnLen the Formicid Fighter began the quest for the Orb.
     0 | D:1      | Reached XP level 1. HP: 18/18 MP: 1/1
   258 | D:1      | Reached XP level 2. HP: 20/24 MP: 2/2
   356 | D:1      | HP: 1/24 [frozen (4)]
   358 | D:1      | Slain by an endoplasm

Illustrated notes

Levels and vault maps discovered:
D:1:      amcnicky_arrival_wind_blow, layout_basic

Action                   || total
-------------------------++-------
Melee: War axe           ||    29
  Use: Potion            ||     1
Armor: Scale mail        ||    14
Dodge: Dodged            ||     8
Block: Kite shield       ||    13
